 Dungeon Crawl Stone Soup version 0.19.3-1-g3169bf9 (webtiles) character file.

16898 Naow the Thaumaturge (level 12, 0/64 HPs)
             Began as a Deep Elf Conjurer on Jan 25, 2017.
             Was a Priest of Vehumet.
             Slain by a six-headed hydra (15 damage)
             ... on level 1 of the Lair of Beasts.
             The game lasted 00:47:41 (16955 turns).

Naow the Thaumaturge (Deep Elf Conjurer)           Turns: 16955, Time: 00:47:41

Health: 0/64       AC: 11    Str:  5    XL:     12   Next: 14%
Magic:  9/32       EV: 24    Int: 28    God:    Vehumet [***...]
Gold:   354        SH:  0    Dex: 26    Spells: 6 memorised, 20 levels left

rFire  + . .     SeeInvis .     u - +1 dagger (drain)
rCold  + . .     Gourm    .     P - +2 robe {rC+ rF+}
rNeg   . . .     Faith    .     (no shield)
rPois  .         Spirit   .     (no helmet)
rElec  +         Reflect  .     M - +2 cloak {+Inv}
rCorr  .         Harm     .     T - +2 pair of gloves
MR     ++...                    f - +0 pair of boots
Stlth  +++.......               H - amulet "Biuclosk" {*Slow rElec Regen+ Int+2 Dex+6}
                                E - ring of protection from magic
                                o - +5 ring of dexterity

@: no status effects
A: no striking features
a: Renounce Religion, Evoke Invisibility


You were on level 1 of the Lair of Beasts.
You worshipped Vehumet.
Vehumet was most pleased with you.
You were not hungry.

You visited 3 branches of the dungeon, and saw 14 of its levels.

You collected 698 gold pieces.
You spent 344 gold pieces at shops.

Inventory:

Hand Weapons
 u - a +1 dagger of draining (weapon)
Armour
 f - a +0 pair of boots (worn)
 M - a +2 cloak of invisibility (worn)
 P - a +2 robe of resistance (worn)
 T - a +2 pair of gloves (worn)
Jewellery
 o - a +5 ring of dexterity (left hand)
 E - a ring of protection from magic (right hand)
 H - the amulet "Biuclosk" (around neck) {*Slow rElec Regen+ Int+2 Dex+6}
   (You found it on level 6 of the Dungeon)

   [amulet of regeneration]

   It affects your intelligence (+2).
   It affects your dexterity (+6).
   It insulates you from electricity.
   It increases your rate of regeneration.
   It may slow you when you take damage.
 I - an uncursed ring of ice
 L - an uncursed ring of protection from magic
Wands
 a - a wand of iceblast (7/15)
 j - a wand of enslavement (17/24)
 n - a wand of enslavement (11/24)
 y - a wand of iceblast (12/15)
 F - a wand of flame (27/48)
 J - a wand of acid (3/15)
 R - a wand of polymorph (8/24)
 S - a wand of disintegration (14/24)
 V - a wand of iceblast (8/15)
 W - a wand of digging (9/24)
Scrolls
 d - 5 scrolls of remove curse
 e - 2 scrolls of identify
 w - a scroll of fear
 C - 4 scrolls of recharging
 G - 5 scrolls of teleportation
 K - 3 scrolls of blinking
 U - 2 scrolls of amnesia
Potions
 h - 3 potions of heal wounds {unknown}
 i - 2 potions of flight
 k - 4 potions of curing
 l - 2 potions of haste
 m - a potion of resistance {unknown}
 p - 2 potions of might
 r - a potion of berserk rage {unknown}
 v - a potion of invisibility {unknown}
 x - 2 potions of brilliance {unknown}
 z - 3 potions of agility
 B - a potion of cancellation {unknown}
 D - 2 potions of lignification {unknown}
 Y - 2 potions of degeneration {unknown}
Books
 b - a book of Conjurations

   Spells                             Type                      Level
   a - Magic Dart                     Conjuration                  1
   b - Searing Ray                    Conjuration                  2
   c - Dazzling Spray                 Conjuration/Hexes            3
   d - Fulminant Prism                Conjuration/Hexes            4
   e - Iskenderun's Mystic Blast      Conjuration                  4
   f - Iskenderun's Battlesphere      Conjuration/Charms           5
 q - a book of Misfortune

   Spells                             Type                      Level
   a - Confusing Touch                Hexes                        1
   b - Confuse                        Hexes                        3
   c - Gell's Gravitas                Hexes/Translocation          3
   d - Petrify                        Transmutation/Earth          4
   e - Metabolic Englaciation         Hexes/Ice                    5
   f - Yara's Violent Unravelling     Hexes/Transmutation          5
Comestibles
 c - 7 bread rations
 g - 8 meat rations
 t - 5 beef jerkies
 A - a slice of pizza
 N - 6 fruits
 O - 6 royal jellies


   Skills:
 + Level 3.5 Fighting
 + Level 11.2 Dodging
 - Level 2.4 Stealth
 + Level 14.0 Spellcasting
 + Level 13.0 Conjurations
 - Level 9.0 Charms


You had 20 spell levels left.
You knew the following spells:

 Your Spells              Type           Power        Failure   Level  Hunger
a - Magic Dart            Conj           ####         0%          1    None
b - Searing Ray           Conj           ######       1%          2    None
c - Iskenderun's Battles  Conj/Chrm      ######..     1%          5    #......
d - Iskenderun's Mystic   Conj           #######.     1%          4    None
e - Fulminant Prism       Conj/Hex       ######....   1%          4    None
f - Conjure Flame         Conj/Fire      ######..     1%          3    None


Dungeon Overview and Level Annotations

Branches:
Dungeon (12/15)            Temple (1/1) D:7            Lair (1/6) D:8
    Orc (0/2) D:9

Altars:
Ashenzari
Cheibriados
Dithmenos
Elyvilon
Fedhas
Gozag
Hepliaklqana
Kikubaaqudgha
Makhleb
Nemelex Xobeh
Okawaru
Qazlal
Ru
Sif Muna
Trog
Uskayaw
Vehumet
Xom
Yredelemnul
Zin
The Shining One

Shops:
D:7 [   D:9 :


Message History

Press: ? - help, Shift-Dir - straight line, f/p - six-headed hydra
Aim: a six-headed hydra (heavily wounded)
The orb of energy misses the six-headed hydra.
The six-headed hydra closely misses you.
The six-headed hydra completely misses you.
The six-headed hydra bites you but does no damage.
The six-headed hydra bites you. The six-headed hydra misses you. x2
Casting: Iskenderun's Mystic Blast
Confirm with . or Enter, or press ? or * to list all spells.
Aiming: Iskenderun's Mystic Blast
Press: ? - help, Shift-Dir - straight line, f/p - six-headed hydra
Aim: a six-headed hydra (heavily wounded)
The orb of energy hits the six-headed hydra.
The six-headed hydra is almost dead.
The orb of energy explodes!
The mystic blast hits the spiny frog.
The spiny frog is severely wounded.
The spiny frog stings you.
* * * LOW HITPOINT WARNING * * *
The six-headed hydra bites you!
You die...

...(...........
...............
...............
...............
........>......
...............
#...†...P#
#...D@# #....F#
#......#
#......#
##?....#
.......#
.........
.........


You could see a six-headed hydra and a spiny frog.

Vanquished Creatures
  The ghost of Jerry the Slicer, a journeyman VSBe of Trog (D:12)
  An unseen horror (D:12)
  2 hill giants (D:11)
  A wizard (D:12)
  An ugly thing (D:11)
  Joseph (D:9)
  A spiny frog (Lair:1)
  2 kobold demonologists (D:12)
  3 trolls
  A queen bee (D:8)
  2 two-headed ogres
  The ghost of soukkis the Slasher, an amateur DsCK of Xom (D:4)
  2 hippogriffs
  A wyvern (D:7)
  A wraith (D:11)
  16 yaks
  A hungry ghost (D:7)
  A soldier ant (D:11)
  A sky beast (D:5)
  4 orc warriors
  An ice beast (D:5)
  3 black bears
  A crocodile (D:12)
  16 ogres
  9 centaurs
  6 big kobolds
  A gnoll sergeant (D:9)
  12 bullfrogs
  A water moccasin zombie (D:9)
  2 scorpions
  A wyvern skeleton (D:8)
  19 killer bees
  3 howler monkeys
  9 crimson imps
  3 bullfrog zombies
  3 bullfrog skeletons
  10 hounds
  4 jellies
  Crazy Yiuf (D:6)
  4 centaur skeletons
  A gnoll shaman (D:4)
  An orc priest (D:6)
  Jessica (D:3)
  Ijyb (D:2)
  6 iguanas
  4 orc wizards
  6 worker ants
  A mummy (D:7)
  A worker ant zombie (D:7)
  19 adders
  14 gnolls
  A shadow imp (D:6)
  An ooze (D:4)
  An adder skeleton (D:7)
  6 worms
  4 dart slugs
  4 leopard geckos
  31 orcs
  3 ball pythons
  11 bats
  15 giant cockroaches
  9 goblins
  12 hobgoblins
  4 jackals
  13 kobolds
  7 quokkas
  5 frilled lizards
  A jackal zombie (D:7)
  A leopard gecko skeleton (D:6)
  13 rats
  3 fulminant prisms
353 creatures vanquished.

Vanquished Creatures (others)
  2 orc warriors (D:9)
  43 fulminant prisms
  6 fungi (D:8)
51 creatures vanquished.

Grand Total: 404 creatures vanquished

Notes
Turn   | Place    | Note
-------+----------+-------------------------------------------
     0 | D:1      | Naow the Deep Elf Conjurer began the quest for the Orb.
     0 | D:1      | Reached XP level 1. HP: 10/10 MP: 6/6
   215 | D:1      | Reached XP level 2. HP: 15/15 MP: 5/8
   219 | D:1      | Learned a level 2 spell: Searing Ray
   537 | D:1      | Reached skill level 5 in Conjurations
   735 | D:2      | Found a shimmering altar of Xom.
  1167 | D:2      | Reached XP level 3. HP: 19/19 MP: 8/10
  1284 | D:2      | Found a glowing golden altar of the Shining One.
  1341 | D:2      | Found an ancient bone altar of Kikubaaqudgha.
  1401 | D:2      | Reached skill level 4 in Spellcasting
  1422 | D:2      | Found a stormy altar of Qazlal.
  1741 | D:2      | Reached XP level 4. HP: 24/24 MP: 3/12
  2055 | D:3      | Noticed Jessica
  2061 | D:3      | Killed Jessica
  2062 | D:3      | Noticed Ijyb
  2101 | D:2      | Killed Ijyb
  2305 | D:3      | Reached XP level 5. HP: 22/28 MP: 11/14
  2312 | D:3      | Learned a level 5 spell: Iskenderun's Battlesphere
  2327 | D:3      | Learned a level 4 spell: Iskenderun's Mystic Blast
  2611 | D:3      | Reached skill level 5 in Spellcasting
  3341 | D:3      | Noticed a moth of wrath
  3344 | D:3      | Found a bloodstained altar of Trog.
  3560 | D:4      | Reached XP level 6. HP: 29/32 MP: 11/16
  3772 | D:4      | Reached skill level 1 in Charms
  4337 | D:4      | Noticed soukkis's ghost (amateur DsCK)
  4373 | D:4      | Killed soukkis's ghost
  4373 | D:4      | Reached skill level 6 in Spellcasting
  4373 | D:4      | Reached XP level 7. HP: 6/36 MP: 2/18
  5026 | D:5      | Entered Level 5 of the Dungeon
  5072 | D:5      | Reached skill level 5 in Charms
  5541 | D:5      | Reached skill level 7 in Spellcasting
  5541 | D:5      | Reached XP level 8. HP: 27/41 MP: 14/20
  6783 | D:5      | Reached skill level 8 in Spellcasting
  7214 | D:5      | Learned a level 4 spell: Fulminant Prism
  7268 | D:6      | Found a hide-covered altar of Uskayaw.
  7276 | D:6      | Got a shimmering tin amulet
  7600 | D:6      | Found a runed door.
  7859 | D:6      | Reached XP level 9. HP: 25/45 MP: 17/23
  8204 | D:6      | Found a sparkling altar of Nemelex Xobeh.
  8516 | D:6      | Noticed Crazy Yiuf
  8520 | D:6      | Killed Crazy Yiuf
  8620 | D:7      | Reached skill level 9 in Spellcasting
  8790 | D:7      | Found Zokhly's Antique Armour Shop.
  8796 | D:7      | Bought an embroidered robe for 134 gold pieces
  8862 | D:7      | Found a sacrificial altar of Ru.
  8939 | D:7      | Found a staircase to the Ecumenical Temple.
  8948 | D:7      | Found a snail-covered altar of Cheibriados.
  8994 | Temple   | Entered the Ecumenical Temple
  9085 | Temple   | Became a worshipper of Vehumet
  9141 | D:7      | Reached skill level 5 in Dodging
  9381 | D:7      | Found a glowing silver altar of Zin.
  9655 | D:7      | Reached skill level 10 in Conjurations
  9835 | D:7      | Reached skill level 10 in Spellcasting
 10090 | D:7      | Found a deep blue altar of Sif Muna.
 10299 | D:7      | Bought a pair of embroidered gloves for 210 gold pieces
 10393 | D:8      | Found a staircase to the Lair.
 10461 | D:8      | Found a shadowy altar of Dithmenos.
 10600 | D:8      | Reached * piety under Vehumet
 10600 | D:8      | Offered knowledge of Freeze by Vehumet.
 11199 | D:8      | Reached XP level 10. HP: 45/50 MP: 19/26
 12201 | D:9      | You fall through a shaft for 3 floors!
 12213 | D:12     | Reached skill level 11 in Spellcasting
 12494 | D:11     | Noticed a hill giant
 12503 | D:11     | Killed a hill giant
 12545 | D:11     | Offered knowledge of Shock by Vehumet.
 12545 | D:11     | Reached ** piety under Vehumet
 12829 | D:11     | Noticed a hill giant
 12844 | D:11     | Killed a hill giant
 12885 | D:11     | Reached skill level 12 in Spellcasting
 13067 | D:11     | Identified the amulet "Biuclosk" {*Slow rElec Regen+ Int+2 Dex+6} (You found it on level 6 of the Dungeon)
 13590 | D:11     | Reached XP level 11. HP: 54/54 MP: 24/29
 14102 | D:12     | Noticed a wizard
 14115 | D:12     | Killed a wizard
 14128 | D:12     | Noticed a red ugly thing
 14136 | D:12     | Noticed Jerry's ghost (journeyman VSBe)
 14149 | D:11     | Killed a red ugly thing
 14240 | D:12     | Killed Jerry's ghost
 14240 | D:12     | Reached skill level 10 in Dodging
 14240 | D:12     | Reached skill level 13 in Spellcasting
 14404 | D:12     | Offered knowledge of Conjure Flame by Vehumet.
 14406 | D:12     | Reached skill level 1 in Fighting
 14614 | D:12     | Learned a level 3 spell: Conjure Flame
 14649 | D:12     | Killed an unseen horror
 15420 | D:10     | Entered Level 10 of the Dungeon
 15512 | D:10     | Reached *** piety under Vehumet
 15610 | D:9      | Found Jafecu's Book Emporium.
 15827 | D:9      | Noticed Joseph
 15838 | D:9      | Killed Joseph
 16010 | D:9      | Found a bloodstained altar of Trog.
 16376 | D:9      | Found a shattered altar of Ashenzari.
 16395 | D:9      | Offered knowledge of Static Discharge by Vehumet.
 16577 | D:9      | Found a staircase to the Orcish Mines.
 16583 | D:9      | Reached XP level 12. HP: 64/64 MP: 18/31
 16593 | D:9      | Reached skill level 14 in Spellcasting
 16872 | Lair:1   | Entered Level 1 of the Lair of Beasts
 16884 | Lair:1   | Noticed a six-headed hydra
 16955 | Lair:1   | Slain by a six-headed hydra

Skill      XL: |  1  2  3  4  5  6  7  8  9 10 11 12 |
---------------+-------------------------------------+-----
Conjurations   | 5 6 7 8 9 10 11 12 13 | 13.0
Spellcasting   | 4 5 6 7 8 10 12 13 14 | 14.0
Charms         | 4 6 9 |  9.0
Dodging        | 3 6 9 11 | 11.2
Fighting       | 3 |  3.5
Stealth        | |  2.4

Action                   |  1- 3 |  4- 6 |  7- 9 | 10-12 || total
-------------------------+-------+-------+-------+-------++-------
Melee: Unarmed           |     1 |       |       |       ||     1
       Dagger            |       |       |     8 |     7 ||    15
 Cast: Magic Dart        |    74 |   160 |   230 |   170 ||   634
       Searing Ray       |       |    10 |    37 |    44 ||    91
       Iskenderun's Myst |       |       |    17 |    88 ||   105
       Fulminant Prism   |       |       |    12 |    34 ||    46
       Iskenderun's Batt |       |       |     1 |     7 ||     8
  Use: Scroll            |       |     7 |     1 |     8 ||    16
       Potion            |       |     2 |       |     1 ||     3
 Stab: Sleeping          |     1 |       |       |       ||     1
  Eat: Chunk             |     2 |     8 |    17 |    16 ||    43
       Meat ration       |       |       |     1 |       ||     1
       Royal jelly       |       |       |       |     1 ||     1
Armor: Robe              |       |     8 |    19 |    48 ||    75
Dodge: Dodged            |     5 |    35 |    98 |   196 ||   334
